 Dungeon Crawl Stone Soup version 0.19.4 (webtiles) character file.

578 stevin the Slasher (level 7, 0/60 HPs)
             Began as a Hill Orc Fighter on Feb 4, 2017.
             Was a Follower of Okawaru.
             Killed from afar by an orc wizard (7 damage)
             ... with a magic dart
             ... on level 7 of the Dungeon on Feb 5, 2017.
             The game lasted 00:39:52 (1987 turns).

stevin the Slasher (Hill Orc Fighter)               Turns: 1987, Time: 00:39:55

Health: 0/60       AC:  0    Str: 21    XL:     7   Next: 35%
Magic:  7/7        EV: 18    Int:  8    God:    Okawaru [*.....]
Gold:   202        SH:  0    Dex: 10    Spells: 0 memorised, 6 levels left

rFire  . . .     SeeInvis .     (weapon currently unavailable)
rCold  . . .     Gourm    .     (armour currently unavailable)
rNeg   . . .     Faith    .     (shield currently unavailable)
rPois  .         Spirit   .     (helmet currently unavailable)
rElec  .         Reflect  .     (cloak currently unavailable)
rCorr  .         Harm     .     (gloves currently unavailable)
MR     .....                    (boots currently unavailable)
Stlth  +.........               (amulet currently unavailable)
                                (ring currently unavailable)
                                (ring currently unavailable)

@: porcupine-form, quick
A: (talons 0), high mp 1, subdued magic 1
a: Heroism, Renounce Religion


You were on level 7 of the Dungeon.
You worshipped Okawaru.
Okawaru was aware of your devotion.
You were not hungry.
You were a spiny porcupine.
You visited 2 branches of the dungeon, and saw 7 of its levels.

You collected 202 gold pieces.

Inventory:

Hand Weapons
 a - a +4 long sword (melded)
 i - a +0 dagger
 j - a +0 dagger
 k - a +0 mace
 m - a cursed -2 club
 q - a +0 hunting sling
 s - a +0 hunting sling
 t - a +4 short sword
 x - a +0 dagger
 y - a +0 mace
Missiles
 e - 81 stones (quivered)
 l - 53 arrows
Armour
 b - a +0 scale mail
 c - a +0 shield
 r - a +0 pair of gloves (melded)
 u - a +2 buckler (melded)
 v - a cursed +0 ring mail (melded)
 w - a +0 chain mail
Jewellery
 p - a ring of magical power (melded)
Scrolls
 n - 3 scrolls of identify
 o - a scroll of teleportation
Potions
 d - a potion of might
 h - 4 potions of curing
Comestibles
 f - a bread ration


   Skills:
 + Level 4.7 Fighting
 + Level 5.4 Long Blades
 + Level 2.0 Throwing
 + Level 4.8 Armour
 + Level 1.4 Dodging
 + Level 4.4 Shields
 + Level 0.2 Unarmed Combat


You had 6 spell levels left.
You didn't know any spells.

Dungeon Overview and Level Annotations

Branches:
Dungeon (5/15)             Temple (1/1) D:5

Altars:
Cheibriados
Dithmenos
Elyvilon
Fedhas
Hepliaklqana
Kikubaaqudgha
Makhleb
Nemelex Xobeh
Okawaru
Qazlal
Ru
Xom
The Shining One

Portals:
Sewer: D:4


Innate Abilities, Weirdness & Mutations

((You have sharp toenails.))
You have an increased reservoir of magic. (+10% MP)
Your spells are a little easier to cast, but a little less powerful.


Message History

The killer bee moves out of view.
The orc wizard gestures wildly while chanting.
The orc wizard blinks!
A killer bee comes into view.
You hit the orc.
The orc is moderately wounded.
The orc hits you with a dagger of protection.
* * * LOW HITPOINT WARNING * * *
A killer bee comes into view.
You barely miss the orc.
The orc is moderately wounded.
The orc is struck by your spines. The orc closely misses you.
You hit the orc but do no damage.
The orc is almost dead.
The orc is struck by your spines.
You kill the orc!
Okawaru accepts your kill. The orc wizard casts a spell at you.
The magic dart hits you!
You die...

# #o .# #.### ..
#...# .# #r# .#
#)###########.##
#.†#y...o........
#.###y########.#
..# ##y........#
### #.#######..#
#.# #....# #.#
#.##.# #. #.# .#


You could see 3 killer bees and an orc wizard.

Vanquished Creatures
  A hungry ghost (D:7)
  A sky beast (D:7)
  A centaur (D:7)
  A bullfrog (D:7)
  A killer bee (D:7)
  2 bullfrog skeletons
  A hound zombie (D:5)
  A hound skeleton (D:5)
  2 adders
  An adder skeleton (D:4)
  3 worms
  4 dart slugs
  2 orcs (D:7)
  A giant cockroach (D:1)
  5 goblins
  5 hobgoblins
  2 quokkas
  2 ball pythons
  6 bats
  2 frilled lizards
  2 kobolds (D:1)
  5 rats
51 creatures vanquished.

Notes
Turn   | Place    | Note
-------+----------+-------------------------------------------
     0 | D:1      | stevin the Hill Orc Fighter began the quest for the Orb.
     0 | D:1      | Reached XP level 1. HP: 19/19 MP: 1/1
    96 | D:1      | Reached XP level 2. HP: 27/27 MP: 2/2
   659 | D:2      | Reached XP level 3. HP: 33/33 MP: 3/3
  1005 | D:2      | Reached skill level 3 in Long Blades
  1178 | D:3      | Gained mutation: You have an increased reservoir of magic. (+10% MP) [potion of mutation]
  1178 | D:3      | Gained mutation: You have sharp toenails. [potion of mutation]
  1178 | D:3      | Gained mutation: Your spells are a little easier to cast, but a little less powerful. [potion of mutation]
  1303 | D:4      | Reached XP level 4. HP: 40/40 MP: 4/4
  1319 | D:4      | Reached skill level 1 in Throwing
  1460 | D:4      | Found a glowing drain.
  1488 | D:5      | Entered Level 5 of the Dungeon
  1494 | D:5      | Reached XP level 5. HP: 46/46 MP: 5/5
  1748 | D:5      | Found a staircase to the Ecumenical Temple.
  1754 | Temple   | Entered the Ecumenical Temple
  1843 | Temple   | Became a worshipper of Warmaster Okawaru
  1925 | D:5      | You fall through a shaft for 2 floors!
  1938 | D:7      | Noticed a hungry ghost
  1941 | D:7      | Reached skill level 4 in Long Blades
  1942 | D:7      | Noticed a sky beast
  1945 | D:7      | Noticed a centaur
  1961 | D:7      | Killed a sky beast
  1961 | D:7      | Reached XP level 6. HP: 24/52 MP: 6/6
  1971 | D:7      | Killed a hungry ghost
  1971 | D:7      | Reached * piety under Okawaru
  1971 | D:7      | Reached skill level 5 in Long Blades
  1971 | D:7      | Reached skill level 1 in Dodging
  1971 | D:7      | Reached XP level 7. HP: 27/60 MP: 7/7
  1987 | D:7      | Killed from afar by an orc wizard

Skill      XL: |  1  2  3  4  5  6 |
---------------+-------------------+-----
Long Blades    | 3 4 5 |  5.4
Fighting       | 4 |  4.7
Armour         | 4 |  4.8
Throwing       | 1 2 |  2.0
Shields        | 4 |  4.4
Dodging        | 1 |  1.4
Unarmed Combat | |  0.2

Action                   |  1- 3 |  4- 6 |  7- 9 || total
-------------------------+-------+-------+-------++-------
Melee: Long sword        |    87 |    54 |     2 ||   143
       Kick              |     1 |    20 |       ||    21
       Unarmed           |       |       |    11 ||    11
Throw: Stone             |    69 |    10 |       ||    79
  Use: Scroll            |     8 |     2 |       ||    10
       Potion            |     2 |     2 |       ||     4
  Eat: Bread ration      |     1 |       |       ||     1
       Meat ration       |       |     2 |     1 ||     3
Armor: Scale mail        |    34 |     5 |       ||    39
       Ring mail         |       |    22 |     1 ||    23
Dodge: Dodged            |    27 |    27 |     8 ||    62
Block: Shield            |    41 |     1 |       ||    42
       Buckler           |       |    14 |     1 ||    15
       Rpst.: Long sword |    10 |    11 |     1 ||    22
